 Dungeon Crawl Stone Soup version 0.25.0-9-g26727b657a (webtiles) character file.

Game seed: 1826065583936133472

62 Descartes the Scratcher (level 3, 0/15 HPs)
             Began as a Felid Transmuter on June 20, 2020.
             Killed from afar by an orc wizard (7 damage)
             ... with a puff of flame
             ... on level 3 of the Dungeon.
             The game lasted 00:04:24 (2176 turns).

Descartes the Scratcher (Felid Transmuter)          Turns: 2176, Time: 00:04:26

Health: 0/15       AC:  1    Str:  7    XL:     3   Next: 85%
Magic:  5/7        EV: 19    Int: 14    God:
Gold:   49         SH:  0    Dex: 22    Spells: 1/6 levels left
                                        Lives:  0   Deaths: 0

rFire    . . .     SeeInvis +     - Unarmed
rCold    . . .     Gourm    .   (shield unavailable)
rNeg     . . .     Faith    .   (armour unavailable)
rPois    .         Spirit   .   (helmet unavailable)
rElec    .         Reflect  .   (cloak unavailable)
rCorr    .         Harm     .   (gloves unavailable)
MR       .....                  (boots unavailable)
Stlth    +++.......             (no amulet)
HPRegen  0.05/turn              g - +6 ring of dexterity
MPRegen  0.10/turn              (no ring)

@: appendage (expiring), quick
A: very small, no armour, no weapons or thrown items, stealth, claws 1, fangs 3,
horns 2, see invisible, carnivore, speed 1, shaggy fur 1, slow metabolism 1,
sharp paws
a: End Transformation


You were on level 3 of the Dungeon.
You were completely stuffed.
You had grown temporary horns.
You visited 1 branch of the dungeon, and saw 3 of its levels.

You collected 49 gold pieces.

Inventory:

Missiles
 a - 11 arrows
 b - 55 stones
Jewellery
 g - a +6 ring of dexterity (left paw)
Scrolls
 d - 2 scrolls of fog {unknown}
 e - a scroll of remove curse {unknown}
 j - a scroll of blinking {unknown}
 n - 2 scrolls of identify {unknown}
 p - a scroll of teleportation {unknown}
Potions
 f - a potion of stabbing {unknown}
 h - a potion of cancellation {unknown}
 i - a potion of might {unknown}
 k - a potion of ambrosia {unknown}
 l - a potion of degeneration {unknown}
 m - a potion of mutation {unknown}
 o - a potion of flight {unknown}
 q - a potion of brilliance {unknown}
Comestibles
 c - 7 rations


   Skills:
 + Level 1.5 Fighting
 + Level 3.2 Dodging
 * Level 2.6 Stealth
 * Level 3.6 Unarmed Combat
 - Level 2.0 Spellcasting
 + Level 0.2 Translocations
 + Level 2.5 Transmutations


You had one spell level left.
You knew the following spells:

 Your Spells              Type           Power        Failure   Level  Hunger
a - Beastly Appendage     Tmut           #.....       9%          1    ##.....
b - Sticks to Snakes      Tmut           #.......     13%         2    ###....
c - Apportation           Tloc           #.....       22%         1    ##.....
d - Corona                Hex            #......      24%         1    ##.....

Your spell library contained the following spells:

 Spells                   Type           Power        Failure   Level  Hunger
 Animate Skeleton         Necr           N/A          24%         1    ##.....
 Summon Small Mammal      Summ           #...         24%         1    ##.....
 Spider Form              Tmut/Pois      #.........   38%         3    ####...
 Ice Form                 Ice/Tmut       #.......     80%         4    #####..
 Blade Hands              Tmut           #.........   93%         5    ######.


Dungeon Overview and Level Annotations

Branches:
Dungeon (3/15)

Altars:
Fedhas


Innate Abilities, Weirdness & Mutations

You cannot wear armour.
You are incapable of wielding weapons or throwing items.
Your paws allow you to move quietly. (Stealth)
You have sharp claws.
You have razor-sharp teeth.
You have supernaturally acute eyesight. (SInv)
You are carnivorous and can eat meat at any time.
You cover ground quickly.
You are covered in fur. (AC +1)
You have a slow metabolism.
Your sharp claws are effective at attacking unaware monsters.
You have a pair of horns on your head.


Message History

The magic dart hits you!
Casting: Beastly Appendage (safe; 9% risk of failure)
Confirm with . or Enter, or press ? or * to list all spells.
You create a snake!
You now have 11 arrows.
The orc barely misses your ball python.
Things that are here:
a +0 mace; an orc corpse You scratch the orc.
The orc is heavily wounded.
Your ball python bites the orc wizard but does no damage.
Your ball python barely misses the orc wizard.
The orc misses you.
You scratch the orc.
You kill the orc!
Your ball python misses the orc wizard.
Your ball python grabs the orc wizard.
Your ball python constricts the orc wizard.
The hobgoblin barely misses your ball python.
The orc wizard casts a spell at you. The puff of flame hits you!
You die...

!......... .......#
#####.#.#..# ###
#....%#....# #.. #...#.#
#.# ## #.#...# #.# #.
###.##..# #.# ##.
#.#####...##..###.###
.....#.#o)@..####........#
.......gS##### #..###...#
r......### ##.##..)..#
....... ..........##
$.....# ###.##.#.....
...... #.##.....#. .....#
#####.....##### .....
.>......### # .....
#####.#.# #


You could see an orc wizard, a hobgoblin and a friendly ball python.

Vanquished Creatures
  An adder (D:2)
  A worm (D:2)
  A dart slug (D:1)
  2 leopard geckos (D:1)
  2 orcs (D:3)
  A ball python (D:2)
  2 giant cockroaches
  5 hobgoblins
  6 kobolds
  2 quokkas (D:2)
  5 bats
  3 frilled lizards
  6 goblins
  6 rats
43 creatures vanquished.

Notes
Turn   | Place    | Note
-------+----------+-------------------------------------------
     0 | D:1      | Descartes the Felid Transmuter began the quest for the Orb.
     0 | D:1      | Reached XP level 1. HP: 9/9 MP: 4/4
   326 | D:1      | Reached skill level 1 in Stealth
   451 | D:1      | Reached XP level 2. HP: 12/12 MP: 6/6
  1205 | D:2      | Reached XP level 3. HP: 11/15 MP: 7/7
  1343 | D:2      | Found a blossoming altar of Fedhas.
  1769 | D:2      | Learned a level 2 spell: Sticks to Snakes
  1771 | D:2      | Learned a level 1 spell: Apportation
  1773 | D:2      | Learned a level 1 spell: Corona
  2176 | D:3      | Killed from afar by an orc wizard

Illustrated notes

Levels and vault maps discovered:
D:1:      erik_arrival_orb_chamber, layout_loops_ring
D:2:      layout_loops_ring, lemuel_doored_altar
D:3:      layout_rooms

Skill      XL: |  1  2 |
---------------+-------+-----
Stealth        | 1 2 |  2.6
Dodging        | 3 |  3.2
Fighting       | |  1.5
Unarmed Combat | |  3.6
Spellcasting   | |  2.0
Translocations | |  0.2
Transmutations | |  2.5

Action                   || total
-------------------------++-------
Melee: Unarmed           ||   108
       Bite              ||     9
       Punch             ||     1
       Headbutt          ||     1
 Cast: Sticks to Snakes  ||     1
       Beastly Appendage ||     1
 Stab: Sleeping          ||    12
  Eat: Chunk             ||    10
Armor: Skin              ||     4
Dodge: Dodged            ||    69
